 Dungeon Crawl Stone Soup version 0.18-a0-1070-gd466a24 (webtiles) character file.

781 st0uf the Cudgeler (level 7, -5/61 HPs)
             Began as a Purple Draconian Berserker on Jan 13, 2016.
             Was a Priest of Trog.
             Shot with an arrow by a centaur (18 damage)
             ... on level 5 of the Dungeon.
             The game lasted 00:18:12 (3199 turns).

st0uf the Cudgeler (Purple Draconian Berserker)     Turns: 3199, Time: 00:18:12

Health: -5/61      AC:  9    Str: 20    XL:     7   Next: 55%
Magic:  0/7        EV: 14    Int: 12    God:    Trog [***...]
Gold:   310        SH:  0    Dex: 10    Spells: 0 memorised, 6 levels left

rFire  . . .     SeeInvis .     y - +0 mace (holy)
rCold  . . .     Gourm    .     (armour unavailable)
rNeg   . . .     Faith    .     (no shield)
rPois  .         Spirit   +     (helmet restricted)
rElec  .         Dismiss  .     (no cloak)
rCorr  .         Reflect  .     k - +2 pair of gloves
SustAt .         Harm     .     (no boots)
MR     +....                    u - amulet of guardian spirit
Stlth  +.........               (no ring)
                                w - +3 ring of intelligence

@: somewhat resistant to hostile enchantments, very unstealthy
A: breathe power, unfitting armour, cold-blooded, AC +6
a: Breathe Dispelling Energy, Berserk, Trog's Hand, Burn Spellbooks, Renounce
Religion


You were on level 5 of the Dungeon.
You worshipped Trog.
Trog was most pleased with you.
You were very hungry.

You visited 2 branches of the dungeon, and saw 6 of its levels.

You collected 310 gold pieces.

Inventory:

Hand Weapons
 a - a +0 mace
 y - a +0 mace of holy wrath (weapon)
Armour
 k - a +2 pair of gloves (worn)
 x - a +0 cloak
Jewellery
 i - an uncursed amulet of rage
 u - an amulet of guardian spirit (around neck)
 w - a +3 ring of intelligence (left hand)
Wands
 s - a wand of magic darts (2/48)
Scrolls
 d - 8 scrolls of identify {unknown}
 e - 2 scrolls of amnesia {unknown}
 f - a scroll of fog {unknown}
 g - 3 scrolls of remove curse
 j - 3 scrolls of teleportation {unknown}
 m - 4 scrolls of immolation {unknown}
 o - 4 scrolls of noise {unknown}
 p - a scroll of blinking {unknown}
 t - a scroll of magic mapping {unknown}
Potions
 c - a potion of might {unknown}
 h - a potion of cure mutation {unknown}
 l - a potion of agility {unknown}
 n - a potion of poison {unknown}
 q - a potion of ambrosia {unknown}
 r - a potion of heal wounds {unknown}
Comestibles
 b - 4 bread rations
 v - a chunk of flesh


   Skills:
 + Level 5.5 Fighting
 + Level 5.8 Maces & Flails
 + Level 5.7 Dodging


You had 6 spell levels left.
You didn't know any spells.

Dungeon Overview and Level Annotations

Branches:
Dungeon (5/15)             Temple (1/1) D:4

Altars:
Ashenzari
Cheibriados
Fedhas
Gozag
Nemelex Xobeh
Okawaru
Pakellas
Qazlal
Ru
Sif Muna
Vehumet
Xom
Zin
The Shining One


Innate Abilities, Weirdness & Mutations

You can breathe bolts of dispelling energy.
Your rich purple scales are hard (AC +6).
Your body does not fit into most forms of armour.
You are cold-blooded and may be slowed by cold attacks.


Message History

You stop butchering the corpse.
The arrow closely misses you.
The centaur shoots an arrow.
The arrow hits you but does no damage.
The centaur shoots an arrow.
The arrow barely misses you.
There is a stone staircase leading down, spattered with blood here.
You see here 2 arrows.
The phantom blinks!
The centaur shoots an arrow.
The arrow hits you! The arrow burns you.
The centaur shoots an arrow.
The arrow barely misses you.
There is a stone staircase leading down, spattered with blood here.
You see here 3 arrows.
The centaur shoots an arrow.
The arrow hits you. The arrow burns you.
Things that are here:
3 arrows; a jackal corpse; a chunk of flesh
v - a chunk of flesh The centaur shoots an arrow.
The arrow hits you. The arrow burns you.
The centaur shoots an arrow.
The arrow hits you. The arrow burns you. The phantom hits you!
* * * LOW HITPOINT WARNING * * *
The centaur shoots an arrow.
The arrow hits you!!
You die...

.#.....# #.....#.#
.#.....##<.......#.#
.............#...#.#
.....#....####.###c#
.....###..# #..##..#
..........# #.###.## .
.....#...####.# #.# ...
.....#.........##.##.....
###...>###.##..W@........
..............##(#.......
....#####...# #.(#.#.....
##### ##.. .[.##.#.....
.# ##.. .# .... .#######
... ## ### ........ ###.
....#### #. ###.# ..


You could see a phantom and a centaur.

Vanquished Creatures
  Grinder (D:4)
  The ghost of Daviar the Charlatan, an amateur DgAr (D:4)
  Duvessa (D:4)
  A sky beast (D:4)
  Dowan (D:4)
  Crazy Yiuf (D:4)
  A worker ant (D:4)
  A worker ant zombie (D:5)
  4 adders
  3 oozes
  4 worms
  5 giant geckos
  2 ball pythons
  4 giant cockroaches
  6 goblins
  9 hobgoblins
  10 jackals
  10 kobolds
  2 quokkas
  8 bats
  2 giant newts
  A quokka skeleton (D:4)
  9 rats
87 creatures vanquished.

Notes
Turn   | Place    | Note
--------------------------------------------------------------
     0 | D:1      | st0uf the Draconian Berserker began the quest for the Orb.
     0 | D:1      | Reached XP level 1. HP: 19/19 MP: 1/1
   196 | D:1      | Reached XP level 2. HP: 24/26 MP: 2/2
   377 | D:1      | Reached ** piety under Trog
   398 | D:1      | Reached XP level 3. HP: 33/33 MP: 3/3
   434 | D:1      | Reached skill level 4 in Fighting
  1242 | D:2      | Reached XP level 4. HP: 20/40 MP: 4/4
  1598 | D:3      | Noticed a phantom
  1699 | D:3      | Found a sparkling altar of Nemelex Xobeh.
  1725 | D:3      | Reached *** piety under Trog
  2105 | D:4      | Noticed Grinder
  2106 | D:4      | Paralysed by Grinder for 5 turns
  2116 | D:4      | Killed Grinder
  2116 | D:4      | Reached XP level 5. HP: 47/47 MP: 5/5
  2116 | D:4      | Reached XP level 6. HP: 55/55 MP: 6/6
  2146 | D:4      | Noticed Duvessa
  2158 | D:4      | Noticed Daviar's ghost (amateur DgAr)
  2198 | D:4      | Killed Daviar's ghost
  2198 | D:4      | Reached skill level 5 in Fighting
  2198 | D:4      | Reached skill level 5 in Maces & Flails
  2247 | D:4      | Killed Duvessa
  2247 | D:4      | Reached skill level 5 in Dodging
  2247 | D:4      | Reached XP level 7. HP: 61/61 MP: 7/7
  2247 | D:4      | Your scales start taking on a rich purple colour.
  2258 | D:4      | Noticed Dowan
  2270 | D:4      | Killed Dowan
  2357 | D:4      | Found a staircase to the Ecumenical Temple.
  2391 | Temple   | Entered the Ecumenical Temple
  2603 | D:4      | Found a deep blue altar of Sif Muna.
  2996 | D:4      | Noticed Crazy Yiuf
  3013 | D:4      | Killed Crazy Yiuf
  3053 | D:5      | Entered Level 5 of the Dungeon
  3199 | D:5      | Shot with an arrow by a centaur

Vault maps used:
D:1:      dpeg_cavernosity
D:2:      minmay_misc_feat_x
D:3:      marbit_many_paths
D:4:      overflow_temple_1_default, temple_fountains, first_bread,
          uniq_crazy_yiuf_cottage, uniq_grinder, uniq_duvessa
Temple:   oiseaux_autumnal_temple_12

Action                   |  1- 3 |  4- 6 |  7- 9 || total
-------------------------+-------+-------+-------++-------
Melee: Mace              |   124 |    89 |    85 ||   298
Invok: Berserk           |       |     3 |       ||     3
 Abil: Breathe Dispellin |       |       |     1 ||     1
  Use: Scroll            |     1 |       |       ||     1
  Eat: Chunk             |     1 |     4 |     2 ||     7
       Beef jerky        |       |     1 |       ||     1
       Pizza             |       |       |     1 ||     1
